 Dungeon Crawl Stone Soup version 0.19-a0-1937-g70ed36a (webtiles) character file.

152 varam the Ruffian (level 5, -12/50 HPs)
             Began as a Troll Monk on Oct 26, 2016.
             Was a Believer of Cheibriados.
             Mangled by varam's ghost (18 damage)
             ... on level 4 of the Dungeon.
             The game lasted 00:03:54 (2088 turns).

varam the Ruffian (Troll Monk)                      Turns: 2088, Time: 00:03:55

Health: -12/50     AC:  5    Str: 24    XL:     5   Next: 11%
Magic:  1/4        EV: 11    Int: 11    God:    Cheibriados [**....]
Gold:   146        SH:  0    Dex: 18    Spells: 0 memorised, 4 levels left

rFire  . . .     SeeInvis .       - Unarmed
rCold  . . .     Gourm    +     a - +0 robe
rNeg   . . .     Faith    .     (no shield)
rPois  .         Spirit   .     (helmet restricted)
rElec  .         Reflect  .     (no cloak)
rCorr  .         Harm     .     (gloves unavailable)
MR     .....                    (boots unavailable)
Stlth  ++........               k - amulet of regeneration
                                (no ring)
                                (no ring)

@: very slow
A: unfitting armour, claws 3, fast metabolism 3, gourmand, regeneration 1,
shaggy fur 1, tough skin 2
a: Bend Time, Renounce Religion


You were on level 4 of the Dungeon.
You worshipped Cheibriados.
Cheibriados was pleased with you.
You were very full.

You visited 1 branch of the dungeon, and saw 4 of its levels.

You collected 146 gold pieces.

Inventory:

Armour
 a - a +0 robe (worn)
Jewellery
 k - an amulet of regeneration (around neck)
Wands
 r - a wand of polymorph (5/24)
 t - a wand of flame (21/48)
Scrolls
 e - 2 scrolls of fog {unknown}
 g - a scroll of blinking {unknown}
 h - a scroll of recharging {unknown}
 i - a scroll of fear {unknown}
 l - 2 scrolls of teleportation {unknown}
 n - a scroll of enchant armour {unknown}
 p - a scroll of identify {unknown}
 u - 3 scrolls of enchant weapon {unknown}
Potions
 c - a potion of experience {unknown}
 d - a potion of magic {unknown}
 f - 4 potions of curing {unknown}
 j - a potion of ambrosia {unknown}
 m - 5 potions of degeneration {unknown}
 s - a potion of flight {unknown}
Comestibles
 b - 4 bread rations
 o - a beef jerky
 q - a slice of pizza


   Skills:
 - Level 2.4 Fighting
 - Level 2.4 Dodging
 - Level 1.0 Stealth
 + Level 5.9 Unarmed Combat


You had 4 spell levels left.
You didn't know any spells.

Dungeon Overview and Level Annotations

Branches:
Dungeon (4/15)
 Temple: D:4-7

Altars:
Cheibriados
Ru
Xom

Annotations:
D:4 varam's ghost, amateur TrMo


Innate Abilities, Weirdness & Mutations

You are too large for most types of armour.
You have claws for hands.
Your metabolism is lightning-fast.
You like to eat raw meat.
Your natural rate of healing is unusually fast.
You are covered in fur. (AC +1)
You have very tough skin. (AC +2)


Message History

You scratch varam's ghost.
Varam's ghost is moderately damaged.
Varam's ghost barely misses you.
You claw varam's ghost!
Varam's ghost is heavily damaged.
Varam's ghost barely misses you.
You barely miss varam's ghost.
Varam's ghost is heavily damaged.
Varam's ghost closely misses you.
You claw varam's ghost!
Varam's ghost is heavily damaged.
Varam's ghost closely misses you.
You barely miss varam's ghost.
Varam's ghost is heavily damaged.
Varam's ghost hits you!
* * * LOW HITPOINT WARNING * * *
You claw varam's ghost!
Varam's ghost is severely damaged.
Varam's ghost hits you!!
You die...

######...........####.## #.#.####
......####...#......#..# #.#.....
......######...........###.##....
.................................
......######...........###.#.....
####### ###............##.#.....
......####.###.##.#.....
...........###.##.#.....
......W@..........<.....
............####.........
.............##...........
#######.......##.##.#.[....
#...........#....###.
#........#..#..#.# ##
#........#.......#
#........###.#...# #.####+#.#
#.....####


You could see varam's ghost.

Vanquished Creatures
  Crazy Yiuf (D:3)
  4 adders
  4 worms
  4 leopard geckos
  An orc (D:3)
  5 giant cockroaches
  9 goblins
  7 hobgoblins
  3 jackals (D:1)
  7 kobolds
  2 quokkas (D:2)
  A ball python (D:3)
  11 bats
  4 frilled lizards
  A quokka skeleton (D:4)
  6 rats
70 creatures vanquished.

Notes
Turn   | Place    | Note
-------+----------+-------------------------------------------
     0 | D:1      | varam the Troll Monk began the quest for the Orb.
     0 | D:1      | Reached XP level 1. HP: 22/22 MP: 0/0
   248 | D:1      | Reached XP level 2. HP: 29/29 MP: 1/1
   501 | D:1      | Reached skill level 4 in Unarmed Combat
   660 | D:2      | Reached XP level 3. HP: 36/36 MP: 2/2
  1290 | D:3      | Reached XP level 4. HP: 44/44 MP: 3/3
  1421 | D:3      | Reached skill level 5 in Unarmed Combat
  1567 | D:3      | Found a sacrificial altar of Ru.
  1567 | D:3      | Found a snail-covered altar of Cheibriados.
  1568 | D:3      | Found a shimmering altar of Xom.
  1578 | D:3      | Became a worshipper of Cheibriados the Contemplative
  1578 | D:3      | Reached * piety under Cheibriados
  1578 | D:3      | Reached ** piety under Cheibriados
  1870 | D:3      | Found a runed door.
  1874 | D:3      | Noticed Crazy Yiuf
  1880 | D:3      | Killed Crazy Yiuf
  1880 | D:3      | Reached XP level 5. HP: 26/50 MP: 4/4
  2077 | D:4      | Noticed varam's ghost (amateur TrMo)
  2088 | D:4      | Mangled by varam's ghost

Vault maps used:
D:1:      dpeg_arrival_shelter, minmay_tromino_i4
D:3:      gammafunk_temple_overflow_forgotten, first_bread,
          uniq_crazy_yiuf_cottage
D:4:      grunt_decor_mini_mirrors, st_stairs_14

Skill      XL: |  1  2  3  4 |
---------------+-------------+-----
Unarmed Combat | 4 5 |  5.9
Fighting       | |  2.4
Dodging        | |  2.4
Stealth        | |  1.0

Action                   |  1- 3 |  4- 6 || total
-------------------------+-------+-------++-------
Melee: Unarmed           |    89 |    69 ||   158
       Punch             |     2 |     2 ||     4
Invok: Bend Time         |       |     1 ||     1
 Stab: Sleeping          |     6 |     3 ||     9
  Eat: Chunk             |     8 |    14 ||    22
Armor: Robe              |    32 |    12 ||    44
Dodge: Dodged            |    50 |    32 ||    82
